 Dungeon Crawl Stone Soup version 0.22-a0-445-g8c8ef71 (webtiles) character file.

4084 incide the Fighter (level 10, 0/68 HPs)
             Began as a Gargoyle Wanderer on June 1, 2018.
             Was a High Priest of Okawaru.
             Slain by a death yak (20 damage)
             ... on level 8 of the Dungeon on June 2, 2018.
             The game lasted 00:29:05 (7079 turns).

incide the Fighter (Gargoyle Wanderer)              Turns: 7079, Time: 00:29:06

Health: 0/68       AC: 18    Str: 18    XL:     10   Next: 25%
Magic:  11/11      EV: 15    Int: 16    God:    Okawaru [*****.]
Gold:   149        SH:  0    Dex: 14    Spells: 10/11 levels left

rFire    . . .     SeeInvis .   O - +8 war axe of Summer {chop, rC+ Str-2 Int+3}
rCold    + + .     Gourm    .   (no shield)
rNeg     + . .     Faith    .   r - +2 ring mail {rC+}
rPois    ∞         Spirit   .   H - +0 helmet
rElec    +         Reflect  .   Y - +0 cloak
rCorr    .         Harm     .   R - +0 pair of gloves
MR       .....                  (no boots)
Stlth    +.........             (no amulet)
HPRegen  0.21/turn              i - +4 ring of dexterity
MPRegen  0.12/turn              E - +2 ring of strength

@: no status effects
A: negative energy resistance 1, electricity resistance, unbreathing,
petrification resistance, rot immunity, AC +7
a: Heroism, Finesse, Renounce Religion


You were on level 8 of the Dungeon.
You worshipped Okawaru.
Okawaru was extremely pleased with you.
You were not hungry.

You visited 3 branches of the dungeon, and saw 11 of its levels.

You collected 454 gold pieces.
You spent 305 gold pieces at shops.

Inventory:

Hand Weapons
 h - a +1 dagger of venom
 u - a +0 blowgun
 O - the +8 war axe of Summer (weapon) {chop, rC+ Str-2 Int+3}
   (You found it on level 6 of the Dungeon)

   It inflicts extra damage upon your enemies.
   It affects your strength (-2).
   It affects your intelligence (+3).
   It protects you from cold.
Missiles
 d - 236 stones (quivered)
 v - 32 poisoned needles
 z - 8 needles of paralysis
 I - 8 tomahawks
Armour
 e - a +0 robe
 q - a +0 scale mail
 r - a +2 ring mail of cold resistance (worn)
 H - a +0 helmet (worn)
 L - the +1 robe "Obretu" {rF+ Dex+4}
   (You found it on level 7 of the Dungeon)

   It affects your dexterity (+4).
   It protects you from fire.
 R - a +0 pair of gloves (worn)
 Y - a +0 cloak (worn)
Jewellery
 i - a +4 ring of dexterity (left hand)
 E - a +2 ring of strength (right hand)
 J - a cursed -2 ring of protection {unknown}
 V - an uncursed ring of protection from magic {unknown}
Wands
 c - a wand of random effects (24)
 j - a wand of paralysis (15)
Scrolls
 b - a scroll of blinking
 k - 2 scrolls of magic mapping {unknown}
 l - 3 scrolls of teleportation {unknown}
 n - 4 scrolls of identify
 y - 2 scrolls of fear {unknown}
 D - a scroll of enchant weapon {unknown}
 F - 2 scrolls of remove curse
 G - 2 scrolls of immolation
 M - 2 scrolls of fog {unknown}
 U - a scroll of summoning {unknown}
 W - a scroll of enchant armour {unknown}
 X - 3 scrolls of amnesia {unknown}
Potions
 a - 3 potions of haste
 m - a potion of degeneration {unknown}
 o - 2 potions of berserk rage {unknown}
 p - a potion of invisibility {unknown}
 s - 2 potions of brilliance
 t - 4 potions of curing
 w - a potion of flight
 A - 4 potions of heal wounds
 B - 3 potions of might
 Q - a potion of agility {unknown}
 S - a potion of magic {unknown}
Comestibles
 f - a chunk of flesh {@w1}
 g - 6 rations


   Skills:
 - Level 9.9 Fighting
 - Level 5.0 Axes
 + Level 4.7 Armour
 - Level 7.5 Dodging
 - Level 2.1 Stealth
   Level 1.1 Shields
 - Level 1.0 Unarmed Combat
 - Level 1.0 Spellcasting
   Level 1.2 Earth Magic
 - Level 2.0 Poison Magic


You had 10 spell levels left.
You knew the following spells:

 Your Spells              Type           Power        Failure   Level  Hunger
a - Sting                 Conj/Pois      #...         26%         1    ##.....

Your spell library contained the following spells:

 Spells                   Type           Power        Failure   Level  Hunger
 Spider Form              Tmut/Pois      #.........   58%         3    ####...
 Blade Hands              Tmut           #.........   100%        5    ######.
 Alistair's Intoxication  Tmut/Pois      #.......     100%        5    ######.
 Iskenderun's Battlesphe  Conj/Chrm      #.......     100%        5    ######.
 Irradiate                Conj/Tmut      #.........   100%        5    ######.


Dungeon Overview and Level Annotations

Branches:
Dungeon (9/15)             Temple (1/1) D:6            Lair (1/6) D:8
    Orc: D:9-12

Altars:
Ashenzari
Cheibriados
Dithmenos
Elyvilon
Fedhas
Gozag
Hepliaklqana
Kikubaaqudgha
Makhleb
Nemelex Xobeh
Okawaru
Qazlal
Ru
Sif Muna
Trog
Uskayaw
Vehumet
Wu Jian
Xom
Yredelemnul
Zin
The Shining One

Shops:
D:5 *   D:8 !


Innate Abilities, Weirdness & Mutations

You are resistant to torment.
Your stone body is resilient. (AC +7)
You are immune to poison.
You resist negative energy. (rN+)
You are resistant to electric shocks. (rElec)
You can survive without breathing.
You are immune to petrification.
You are immune to rotting.


Message History

You barely miss the death yak.
The death yak is severely wounded.
The death yak closely misses you.
You hit the death yak.
The death yak is severely wounded.
The death yak misses you.
You hit the death yak.
The death yak is severely wounded.
The death yak gores you.
* * * LOW HITPOINT WARNING * * *
Evoke which item? (* to show all) (? for menu, Esc to quit)
Aiming: Paralyse
Press: ? - help, Shift-Dir - straight line, f - death yak
Aim: a death yak (severely wounded, chance to defeat MR: 1%)
The death yak resists with almost no effort.
The death yak misses you.
You hit the death yak.
The death yak is almost dead.
The death yak closely misses you. The death yak gores you!!
You die...

.#.## ##........#.## .>#.##
###.....##..# ....[# ##...####.#
...#..## ##.......... ...##..##
##........... ....##..####
###............
....##.....########..............
.)##...........##....######......
####§...§≈≈..#.Y@...## #######
#.§≈≈≈≈.§.####..## # #§≈≈≈≈.≈≈.#
#...# ##### ##§§≈.§§≈..#
##..###....# ### #..≈≈..§≈..#
##.......# #.. #..≈≈§§§≈..##
##..##### #.. #...§§§≈....# #..##
#.. ###...........# ##..## #..
#.........#...# ##..## #..


You could see a death yak.

Vanquished Creatures
  A two-headed ogre (D:9)
  A hungry ghost (D:7)
  Grum (D:8)
  The ghost of Zorot the Changer, an amateur OpTm (D:4)
  2 hell hounds (D:8)
  A black bear (D:8)
  An orc warrior (D:8)
  3 wolves (D:8)
  2 phantoms
  4 ogres
  3 centaurs (D:9)
  A big kobold (D:9)
  A gnoll sergeant (D:9)
  6 bullfrogs
  A scorpion (D:9)
  6 killer bees (D:9)
  A crimson imp (D:8)
  A howler monkey (D:7)
  A bullfrog zombie (D:5)
  A hound (D:7)
  2 jellies
  6 orc wizards
  3 centaur skeletons
  3 orc priests
  An iguana (D:8)
  3 worker ants
  2 hound zombies
  3 hound skeletons
  4 gnolls (D:9)
  5 adders
  3 shadow imps
  A worm (D:3)
  2 dart slugs
  25 orcs
  A giant cockroach (D:6)
  A goblin (D:2)
  4 hobgoblins
  2 jackals (D:2)
  2 quokkas (D:3)
  3 bats
  A frilled lizard (D:2)
  A jackal skeleton (D:6)
  14 kobolds
  A leopard gecko skeleton (D:4)
  2 rats
134 creatures vanquished.

Notes
Turn   | Place    | Note
-------+----------+-------------------------------------------
     0 | D:1      | incide the Gargoyle Wanderer began the quest for the Orb.
     0 | D:1      | incide set off with: a potion of haste, a scroll of blinking, a +0 falchion, a +0 robe, a +0 dagger, a ration
     0 | D:1      | Reached XP level 1. HP: 12/12 MP: 1/1
   119 | D:2      | Reached skill level 1 in Spellcasting
   299 | D:2      | Learned a level 1 spell: Sting
   326 | D:2      | Found a bloodstained altar of Trog.
   426 | D:2      | Reached XP level 2. HP: 18/18 MP: 3/3
   756 | D:2      | Found a glowing golden altar of the Shining One.
   815 | D:3      | Found an iron altar of Okawaru.
   846 | D:3      | Became a worshipper of Warmaster Okawaru
  1097 | D:2      | Reached skill level 3 in Fighting
  1157 | D:2      | Noticed a phantom
  1459 | D:3      | Reached XP level 3. HP: 23/23 MP: 4/4
  1657 | D:3      | Reached skill level 2 in Dodging
  1697 | D:3      | HP: 4/23 [orc (1)]
  2055 | D:3      | Reached skill level 1 in Armour
  2055 | D:3      | Reached XP level 4. HP: 28/28 MP: 5/5
  2185 | D:4      | Noticed Zorot's ghost (amateur OpTm)
  2204 | D:4      | Killed Zorot's ghost
  2204 | D:4      | Reached * piety under Okawaru
  2204 | D:4      | Reached skill level 4 in Armour
  2204 | D:4      | Reached XP level 5. HP: 21/32 MP: 6/6
  2379 | D:3      | Reached skill level 1 in Axes
  2470 | D:4      | Reached XP level 6. HP: 25/37 MP: 7/7
  2576 | D:4      | Found a burning altar of Makhleb.
  2630 | D:4      | Found a shattered altar of Ashenzari.
  2663 | D:4      | Reached skill level 2 in Axes
  2725 | D:4      | Identified Uxtiuwimn's Volume of Talismans and Moulding
  2880 | D:5      | Entered Level 5 of the Dungeon
  2880 | D:5      | Found Quufaikia's General Store.
  3077 | D:5      | Reached skill level 3 in Axes
  3107 | D:5      | Bought a scroll of remove curse for 30 gold pieces
  3107 | D:5      | Bought a scroll of immolation for 35 gold pieces
  3131 | D:5      | Reached ** piety under Okawaru
  3131 | D:5      | Reached skill level 4 in Axes
  3131 | D:5      | Reached XP level 7. HP: 26/41 MP: 8/8
  3545 | D:6      | Reached skill level 5 in Axes
  3624 | D:6      | Got a warped war axe
  3639 | D:6      | Identified the +8 war axe of Summer {chop, rC+ Str-2 Int+3} (You found it on level 6 of the Dungeon)
  3734 | D:6      | wow
  3734 | D:6      | time to fuck up this character
  3736 | D:6      | Found a sacrificial altar of Ru.
  3736 | D:6      | Found a hide-covered altar of Uskayaw.
  3747 | D:6      | Found a radiant altar of Vehumet.
  3750 | D:6      | Found a shadowy altar of Dithmenos.
  3751 | D:6      | Found a glowing silver altar of Zin.
  3819 | D:6      | Reached skill level 3 in Dodging
  4015 | D:7      | Upgraded the game from 0.22-a0-443-g17c3723 to 0.22-a0-445-g8c8ef71
  4135 | D:7      | Found an ancient bone altar of Kikubaaqudgha.
  4140 | D:7      | Reached XP level 8. HP: 45/46 MP: 9/9
  4268 | D:7      | Got a shimmering robe
  4274 | D:7      | Identified the +1 robe "Obretu" {rF+ Dex+4} (You found it on level 7 of the Dungeon)
  4338 | D:7      | Reached skill level 4 in Dodging
  4419 | D:6      | Found a staircase to the Ecumenical Temple.
  4431 | Temple   | Entered the Ecumenical Temple
  4568 | D:7      | Found a sacrificial altar of Ru.
  4656 | D:7      | Reached skill level 5 in Dodging
  4664 | D:7      | Found a white marble altar of Elyvilon.
  4667 | D:7      | Found a shattered altar of Ashenzari.
  4792 | D:7      | Reached *** piety under Okawaru
  4932 | D:8      | Reached skill level 6 in Dodging
  4997 | D:8      | Noticed Grum
  5011 | D:8      | HP: 4/46 [wolf[Grum] (8)]
  5012 | D:8      | Reached XP level 9. HP: 5/50 MP: 10/10
  5297 | D:8      | Killed Grum
  5297 | D:8      | Reached skill level 7 in Dodging
  5560 | D:8      | Found a staircase to the Lair.
  5605 | D:8      | Reached **** piety under Okawaru
  5605 | D:8      | Reached skill level 4 in Fighting
  5683 | D:8      | HP: 9/53 [orc warrior/glaive (22)]
  5781 | D:9      | Reached skill level 5 in Fighting
  5944 | D:9      | Noticed a two-headed ogre
  5956 | D:9      | Killed a two-headed ogre
  5956 | D:9      | Reached skill level 7 in Fighting
  5999 | D:9      | Reached skill level 8 in Fighting
  6095 | D:9      | Found a stormy altar of Qazlal.
  6167 | D:9      | Reached XP level 10. HP: 55/65 MP: 11/11
  6342 | D:9      | Reached skill level 9 in Fighting
  6693 | D:8      | Reached ***** piety under Okawaru
  6765 | D:8      | Found Cilurud's Distillery.
  6793 | D:8      | Bought a potion of brilliance for 60 gold pieces
  6793 | D:8      | Bought a potion of might for 60 gold pieces
  6793 | D:8      | Bought a potion of flight for 45 gold pieces
  6793 | D:8      | Bought a potion of heal wounds for 75 gold pieces
  7046 | Lair:1   | Entered Level 1 of the Lair of Beasts
  7047 | Lair:1   | Noticed a death yak
  7079 | D:8      | Slain by a death yak

Vault maps used:
D:1:      elethiomel_arrival_shortcut, serial_curves, eino_curves_01,
          eino_curves_03
D:2:      tso_oasis_becter, lightli_temple_of_fire
D:3:      lemuel_doored_altar, first_ration
D:4:      old_standard_altar, cheibrodos_ashenzari_chains
D:5:      serial_shops, shop
D:6:      chequers_temple_overflow_minitemple, minmay_temple_entry_poolview
D:7:      kiku_gazebo_pond_becter, minitemple, basic_altar
D:8:      minmay_lair_entry_lava, serial_shops, nicolae_shop_waterfront,
          uniq_grum
D:9:      overflow_temple_1_default
Temple:   nicolae_temple_figure_zero

Skill      XL: |  1  2  3  4  5  6  7  8  9 10 |
---------------+-------------------------------+-----
Spellcasting   | 1 |  1.0
Fighting       | 3 8 9 |  9.9
Dodging        | 2 3 6 7 |  7.5
Armour         | 1 4 |  4.7
Axes           | 1 4 5 |  5.0
Stealth        | |  2.1
Shields        | |  1.1
Unarmed Combat | |  1.0
Earth Magic    | |  1.2
Poison Magic   | |  2.0

Action                   |  1- 3 |  4- 6 |  7- 9 | 10-12 || total
-------------------------+-------+-------+-------+-------++-------
Melee: Falchion          |    32 |       |       |       ||    32
       Dagger            |    67 |     8 |       |       ||    75
       Whip              |       |    16 |       |       ||    16
       Hand axe          |       |    53 |    52 |       ||   105
       Punch             |       |     2 |       |       ||     2
       War axe           |       |       |   177 |    70 ||   247
Evoke: Wand              |       |       |     1 |     1 ||     2
  Use: Scroll            |       |       |     1 |     1 ||     2
 Stab: Sleeping          |     1 |       |     5 |       ||     6
       Paralysed         |       |       |     4 |       ||     4
  Eat: Chunk             |     3 |     4 |     8 |     3 ||    18
       Ration            |       |       |     1 |       ||     1
Armor: Robe              |    51 |       |     9 |       ||    60
       Ring mail         |     3 |    40 |   117 |    27 ||   187
Dodge: Dodged            |    97 |    48 |   203 |    74 ||   422
       Rpst.: Falchion   |    10 |       |       |       ||    10

Table legend:
 A = Spawn XP
 B = Non-spawn XP
 C = Spawn XP percentage of total XP
 D = Spawn monster count
 E = Non-spawn monster count
 F = Spawn count percentage of total count
 G = Total turns spent on level
                    A         B        C        D         E        F      G
               +---------+---------+-------+---------+---------+-------+---------
         Total |       0 |    5835 |   0.0 |       0 |     134 |   0.0 |  7079
               +---------+---------+-------+---------+---------+-------+---------
           D:1 |       0 |       2 |   0.0 |       0 |       2 |   0.0 |    91
           D:2 |       0 |      24 |   0.0 |       0 |      14 |   0.0 |  1194
           D:3 |       0 |     113 |   0.0 |       0 |      16 |   0.0 |  1040
           D:4 |       0 |     327 |   0.0 |       0 |       8 |   0.0 |   736
           D:5 |       0 |     287 |   0.0 |       0 |       8 |   0.0 |   440
           D:6 |       0 |     294 |   0.0 |       0 |      15 |   0.0 |   539
           D:7 |       0 |     709 |   0.0 |       0 |      15 |   0.0 |  1012
           D:8 |       0 |    1875 |   0.0 |       0 |      26 |   0.0 |   996
           D:9 |       0 |    2204 |   0.0 |       0 |      30 |   0.0 |   903
               +---------+---------+-------+---------+---------+-------+---------
